 Dungeon Crawl Stone Soup version 0.31.0-9-g3a7656b989 (webtiles) character file.

Game seed: 17077687088218095817

1145 qw the Shooter (level 8, -3/39 HPs)
             Began as a Spriggan Hunter on Feb 2, 2024.
             Was a Believer of Okawaru.
             Slain by a gnoll
             ... wielding a +0 halberd
             ... led by a gnoll bouda
              (6 damage)
             ... on level 5 of the Dungeon.
             The game lasted 00:00:19 (3363 turns).

qw the Shooter (Spriggan Hunter)                    Turns: 3363, Time: 00:00:20

Health: -3/39      AC:  5    Str:  7    XL:     8   Next: 15%
Magic:  11/12      EV: 22    Int: 11    God:    Okawaru [**....]
Gold:   246        SH:  0    Dex: 20    Spells: 7/7 levels left

rFire   . . .        a - +0 shortbow
rCold   . . .        (shield currently unavailable)
rNeg    . . .        i - +2 animal skin
rPois   .            (helmet restricted)
rElec   .            g - +0 cloak
rCorr   .            (gloves unavailable)
SInv    +            (boots unavailable)
Will    +....        (no amulet)
Stlth   ++           (no ring)
HPRegen 0.26/turn    (no ring)
MPRegen 0.13/turn

%: no passive effects
@: about to teleport, weakened, very quick
A: very small, no large weapons, unfitting armour, see invisible, speed 3
a: Renounce Religion, Heroism


You were on level 5 of the Dungeon.
You worshipped Okawaru.
Okawaru was pleased with you.
You visited 2 branches of the dungeon, and saw 6 of its levels.

You collected 246 gold pieces.


Innate Abilities, Weirdness & Mutations

You are very small and have problems with some larger weapons.
You are too small for most types of armour.
You have supernaturally acute eyesight. (SInv)
You cover ground extremely quickly. (Speed+++)


   Skills:
 - Level 2.0 Fighting
 + Level 7.8 Ranged Weapons
 - Level 7.4 Dodging
 - Level 1.5 Stealth
 - Level 4.0 Invocations


You had 7 spell levels left.
You didn't know any spells.
Your spell library was empty.

Inventory:

Hand Weapons
 a - a +0 shortbow (weapon)
Armour
 g - a +0 cloak (worn)
 i - a +2 animal skin (worn)
 l - the +2 robe "Yriebylu" {Dex+3}
   (You found it on level 5 of the Dungeon)

   Dex+3:     It affects your dexterity (+3).
Wands
 c - a wand of mindburst (16)
Scrolls
 d - 8 scrolls of identify
Potions
 b - 2 potions of magic
 e - 5 potions of curing
 f - a potion of resistance
 j - 2 potions of heal wounds {unknown}
 k - a potion of mutation {unknown}

Dungeon Overview and Level Annotations

Branches:
Dungeon (5/15)             Temple (1/1) D:4

Altars:
Ashenzari
Cheibriados
Dithmenos
Elyvilon
Fedhas
Gozag
Hepliaklqana
Kikubaaqudgha
Makhleb
Nemelex Xobeh
Okawaru
Qazlal
Ru
Sif Muna
Trog
Uskayaw
Vehumet
Wu Jian
Xom
Yredelemnul
Zin
The Shining One

Shops:
D:1 (


Message History

The gnoll misses you.
You shoot an arrow.
The arrow hits the gnoll but does no damage.
The gnoll is moderately wounded.
The gnoll misses you. The gnoll hits you with a +0 club.
The gnoll bouda misses you. The gnoll completely misses you.
You shoot an arrow. The arrow hits the gnoll.
The gnoll is moderately wounded.
The gnoll misses you. x2
The gnoll bouda gazes fiercely through you!
You feel your attacks grow feeble. The gnoll bouda misses you.
The gnoll completely misses you.
You shoot an arrow. The arrow hits the gnoll.
The gnoll is heavily wounded.
The gnoll closely misses you. The gnoll barely misses you.
The gnoll bouda hits you with a +0 whip.
The gnoll misses you.
You shoot an arrow. The arrow hits the gnoll.
The gnoll is almost dead.
The gnoll hits you but does no damage. The gnoll closely misses you.
The gnoll bouda hits you with a +0 whip!
The gnoll hits you from afar with a +0 halberd!
You shoot an arrow. The arrow hits the gnoll!
You kill the gnoll!
Okawaru accepts your kill. The gnoll closely misses you.
The gnoll bouda closely misses you.
The gnoll hits you from afar with a +0 halberd!
Your Invocations skill increases to level 4!
3362 ||| READING scroll of teleportation.
As you read the scroll of teleportation, it crumbles to dust.
You feel strangely unstable. The gnoll completely misses you.
The gnoll bouda calls upon its god to heal the gnoll.
The gnoll's wounds heal themselves!
The gnoll misses you.
You shoot an arrow.
The arrow barely misses the gnoll bouda.
The gnoll barely misses you.
The gnoll bouda hits you but does no damage.
The gnoll hits you from afar with a +0 halberd.
You die...

............
........................
........................
........................
........................
........................
.....g.g................
........g...............
......)@................ #.#
....>................... #.#
#............................ #.#
#............................ #.#
#........................)... #.#
#............................ #.#
#............................ #.#
#............................
#.###............................


You could see a gnoll bouda and 2 gnolls.

Vanquished Creatures
  Grinder (D:4)
  Sigmund (D:3)
  Duvessa (D:5)
  An ogre (D:5)
  A scorpion (D:5)
  Dowan (D:5)
  A bombardier beetle (D:4)
  4 hounds
  Jessica (D:3)
  2 iguanas
  Terence (D:3)
  Robin (D:4)
  6 adders
  2 gnolls (D:5)
  A white imp (D:5)
  12 dart slugs
  2 ribbon worms (D:2)
  2 orcs
  8 ball pythons
  12 bats
  7 endoplasms
  2 giant cockroaches
  13 goblins
  9 hobgoblins
  3 jackals (D:2)
  2 quokkas (D:1)
  4 frilled lizards
  7 kobolds
  5 rats
113 creatures vanquished.

Notes
Turn   | Place    | Note
-------+----------+-------------------------------------------
     0 | D:1      | qw the Spriggan Hunter began the quest for the Orb.
     0 | D:1      | Reached XP level 1. HP: 10/10 MP: 2/2
     0 | D:1      | 0 ||| qw: Version: 0.3-a-155-g5e7d8dd
     0 | D:1      | 0 ||| qw: Game counter: 702
     0 | D:1      | 0 ||| qw: Melee chars always use a shield: true
     0 | D:1      | 0 ||| qw: God list: Okawaru
     0 | D:1      | 0 ||| qw: Allow faded altars: false
     0 | D:1      | 0 ||| qw: Do Orc after clearing Dungeon:15 true
     0 | D:1      | 0 ||| qw: Do second Lair branch before Depths: true
     0 | D:1      | 0 ||| qw: Lair rune preference: random
     0 | D:1      | 0 ||| qw: Goals: Normal
     0 | D:1      | 0 ||| PLANNING D:1-11
   163 | D:1      | Reached skill level 3 in Dodging
   266 | D:1      | Reached XP level 2. HP: 11/14 MP: 3/3
   298 | D:1      | Found Ucewn's Antique Weapon Boutique.
   302 | D:1      | 302 ||| SHOPLISTING glowing sling (126 gold, have 11).
   527 | D:1      | 527 ||| READING scroll labelled EFOENO FIKUID.
   528 | D:1      | 528 ||| READING scroll labelled DADDEY CUUL.
   528 | D:1      | 528 ||| IDENTIFYING puce potion
   529 | D:1      | 529 ||| DROPPING scroll of butterflies.
   698 | D:2      | Reached XP level 3. HP: 18/18 MP: 4/4
   785 | D:2      | 785 ||| FLEEEEING.
   786 | D:2      | 786 ||| FLEEEEING.
   787 | D:2      | 787 ||| FLEEEEING.
   788 | D:2      | 788 ||| FLEEEEING.
   789 | D:2      | 789 ||| FLEEEEING.
   790 | D:2      | 790 ||| FLEEEEING.
   791 | D:2      | 791 ||| FLEEEEING.
   792 | D:2      | 792 ||| FLEEEEING.
   793 | D:2      | 793 ||| FLEEEEING.
   828 | D:2      | Found a faded altar of an unknown god.
   863 | D:2      | Reached XP level 4. HP: 22/22 MP: 5/5
  1136 | D:2      | 1136 ||| READING 6 scrolls of identify.
  1136 | D:2      | 1136 ||| IDENTIFYING fuming coppery potion
  1137 | D:2      | 1137 ||| READING 5 scrolls of identify.
  1137 | D:2      | 1137 ||| IDENTIFYING white potion
  1138 | D:2      | 1138 ||| READING 4 scrolls of identify.
  1138 | D:2      | 1138 ||| IDENTIFYING scroll labelled XAWOARYXTA
  1139 | D:2      | 1139 ||| READING 3 scrolls of identify.
  1139 | D:2      | 1139 ||| IDENTIFYING scroll labelled XIFFEU YLEG
  1140 | D:2      | 1140 ||| DROPPING potion of attraction.
  1141 | D:2      | 1141 ||| DROPPING potion of berserk rage.
  1142 | D:2      | 1142 ||| DROPPING scroll of amnesia.
  1158 | D:3      | Found a white marble altar of Elyvilon.
  1161 | D:3      | Noticed Sigmund
  1183 | D:3      | Killed Sigmund
  1184 | D:3      | Reached XP level 5. HP: 16/25 MP: 6/6
  1184 | D:3      | Reached XP level 6. HP: 19/30 MP: 7/7
  1252 | D:3      | Noticed Terence
  1277 | D:3      | HP: 3/30 [Terence/+0 trident of protection (8)]
  1278 | D:3      | 1278 ||| READING scroll of teleportation.
  1279 | D:3      | Killed Terence
  1727 | D:3      | Noticed Jessica
  1730 | D:3      | Killed Jessica
  2024 | D:3      | 2024 ||| UPGRADING to +0 cloak.
  2029 | D:3      | 2029 ||| DROPPING amulet of magic regeneration.
  2030 | D:3      | 2030 ||| READING 8 scrolls of identify.
  2030 | D:3      | 2030 ||| IDENTIFYING lumpy blue potion
  2055 | D:4      | Found a staircase to the Ecumenical Temple.
  2056 | D:4      | 2056 ||| PLANNING TEMPLE
  2071 | D:4      | Noticed Grinder
  2089 | Temple   | Entered the Ecumenical Temple
  2090 | Temple   | 2090 ||| PLANNING OKAWARU WORSHIP
  2144 | Temple   | Became a worshipper of Warmaster Okawaru
  2145 | Temple   | 2145 ||| PLANNING D:1-11
  2217 | D:4      | HP: 4/30 [Grinder (6)]
  2218 | D:4      | 2218 ||| READING scroll of teleportation.
  2219 | D:4      | Killed Grinder
  2219 | D:4      | Reached * piety under Okawaru
  2220 | D:4      | Reached skill level 6 in Ranged Weapons
  2220 | D:4      | Reached XP level 7. HP: 5/35 MP: 8/8
  2222 | D:4      | 2222 ||| FLEEEEING.
  2223 | D:4      | 2223 ||| FLEEEEING.
  2224 | D:4      | 2224 ||| FLEEEEING.
  2225 | D:4      | 2225 ||| FLEEEEING.
  2226 | D:4      | 2226 ||| FLEEEEING.
  2227 | D:4      | 2227 ||| FLEEEEING.
  2228 | D:4      | 2228 ||| FLEEEEING.
  2236 | D:4      | HP: 7/35 [dart slug/slug dart (2)]
  2610 | D:4      | Noticed Robin
  2621 | D:4      | Killed Robin
  2622 | D:4      | Reached skill level 1 in Invocations
  2821 | D:4      | 2821 ||| UPGRADING to +2 animal skin.
  2831 | D:4      | 2831 ||| DROPPING +0 robe.
  2832 | D:4      | 2832 ||| READING 7 scrolls of identify.
  2832 | D:4      | 2832 ||| IDENTIFYING 2 cyan potions
  2852 | D:5      | Entered Level 5 of the Dungeon
  2931 | D:5      | Noticed Duvessa
  2933 | D:5      | Noticed Dowan
  2936 | D:5      | 2936 ||| RETREEEEATING.
  2937 | D:5      | 2937 ||| RETREEEEATING.
  2938 | D:5      | 2938 ||| RETREEEEATING.
  2939 | D:5      | 2939 ||| RETREEEEATING.
  2940 | D:5      | 2940 ||| RETREEEEATING.
  2941 | D:5      | 2941 ||| RETREEEEATING.
  2964 | D:5      | Killed Duvessa
  2970 | D:5      | 2970 ||| INVOKING Heroism.
  2979 | D:5      | Killed Dowan
  2980 | D:5      | Reached skill level 3 in Invocations
  3041 | D:5      | Identified the +2 robe "Yriebylu" {Dex+3}
  3151 | D:5      | Reached ** piety under Okawaru
  3152 | D:5      | Reached XP level 8. HP: 39/39 MP: 11/11
  3279 | D:5      | Identified the +4 short sword "Pakhul" {protect, *Rage rN+
                  | Int+4}
  3361 | D:5      | HP: 2/39 [gnoll/+0 halberd[a gnoll bouda] (11)]
  3362 | D:5      | 3362 ||| READING scroll of teleportation.
  3363 | D:5      | Slain by a gnoll

Levels and vault maps discovered:
D:1:      dpeg_arrival_circle_labyrinth_c, layout_rooms, serial_shops, shop,
          grunt_decor_one_mirror
D:2:      layout_basic, nicolae_ecumenical_snake_handling
D:3:      layout_loops_ring, mainiacjoe_overflow_small_starburst, hex_large,
          uniq_terence, uniq_jessica, uniq_sigmund
D:4:      layout_rooms, minmay_temple_entry_overgrown, uniq_robin, uniq_grinder
D:5:      kennysheep_slugbush, layout_basic, chequers_hall_statues_corner_a,
          uniq_duvessa
Temple:   mainiacjoe_temple_starburst

Skill      XL: |  1  2  3  4  5  6  7  8 |
---------------+-------------------------+-----
Dodging        | 3 4 7 |  7.4
Ranged Weapons | 5 6 7 |  7.8
Fighting       | 2 |  2.0
Invocations    | 3 4 |  4.0
Stealth        | |  1.5

Action                     |  1- 3 |  4- 6 |  7- 9 || total
---------------------------+-------+-------+-------++-------
   Fire: Shortbow          |   126 |   151 |   172 ||   449
 Invoke: Heroism           |       |       |     1 ||     1
    Use: Scroll            |     2 |     7 |     2 ||    11
 Armour: Robe              |    11 |    21 |     6 ||    38
         Animal skin       |       |       |    25 ||    25
  Dodge: Dodged            |    45 |    77 |    78 ||   200

Table legend:
 A = Non-vault XP
 B = Vault XP
 C = Vault XP percentage of total XP
 D = Non-vault monster count
 E = Vault monster count
 F = Vault count percentage of total count
                 A         B        C        D         E       F
            +---------+---------+-------+---------+---------+-------
      Total |     722 |     914 |  55.9 |      83 |      30 |  26.5
            +---------+---------+-------+---------+---------+-------
        D:1 |      28 |       0 |   0.0 |      16 |       0 |   0.0
        D:2 |      77 |      21 |  21.4 |      30 |       5 |  14.3
        D:3 |      63 |     320 |  83.6 |      16 |       3 |  15.8
        D:4 |     150 |     323 |  68.3 |      12 |      12 |  50.0
        D:5 |     404 |     250 |  38.2 |       9 |      10 |  52.6
            +---------+---------+-------+---------+---------+-------
